 Dungeon Crawl Stone Soup version 0.31-a0-521-gc7390f8997 (webtiles) character file.

Game seed: 11825539862194340618

51 mopl the Insei (level 3, -6/17 HPs)
             Began as an Octopode Shapeshifter on Aug 10, 2023.
             Killed from afar by an orc wizard (10 damage)
             ... with a magic dart
             ... on level 3 of the Dungeon.
             The game lasted 00:01:51 (2062 turns).

mopl the Insei (Octopode Shapeshifter)              Turns: 2062, Time: 00:01:52

Health: -6/17      AC:  1    Str: 14    XL:     3   Next: 81%
Magic:  3/3        EV: 18    Int: 10    God:
Gold:   128        SH:  0    Dex: 14    Spells: 2/2 levels left

rFire   . .          .
                       - Unarmed
rCold   . . .        (shield currently unavailable)
rNeg    . . .        (helmet restricted)
rPois   .            (no amulet)
rElec   .            r - +5 ring of evasion
rCorr   .            (no ring)
SInv    .            (no ring)
Will    .....        (no ring)
Stlth   +            (no ring)
HPRegen 0.22/turn    (no ring)
MPRegen 0.08/turn    (no ring)
                     (no ring)

%: no passive effects
@: flux-form, glowing
A: glow, contaminating, reduced hp, almost no armour, amphibious, 8 rings,
camouflage 1, gelatinous body 1, (nimble swimmer 1), tentacles
a: Begin Untransformation


You were on level 3 of the Dungeon.
You were something dangerously unstable.
You visited 1 branch of the dungeon, and saw 3 of its levels.

You collected 128 gold pieces.

Inventory:

Missiles
 e - 11 poisoned darts
 h - 8 boomerangs
Jewellery
 r - a +5 ring of evasion (left tentacle)
Talismans
 b - a beast talisman
 c - a flux talisman (active)
Scrolls
 d - 6 scrolls of identify
 f - a scroll of brand weapon {unknown}
 g - a scroll of enchant weapon {unknown}
 i - a scroll of fear {unknown}
 k - a scroll of blinking {unknown}
 l - a scroll of fog {unknown}
 n - a scroll of summoning {unknown}
 o - a scroll of vulnerability {unknown}
 p - a scroll of amnesia {unknown}
Potions
 a - 2 potions of lignification {!q}
 j - 3 potions of heal wounds
 m - a potion of mutation {!q}
 q - a potion of ambrosia {unknown}
 s - 2 potions of haste {unknown}


   Skills:
 + Level 1.6 Fighting
 + Level 2.3 Dodging
 * Level 3.5 Unarmed Combat
 * Level 3.4 Shapeshifting


You had 2 spell levels left.
You didn't know any spells.
Your spell library was empty.

Dungeon Overview and Level Annotations

Branches:
Dungeon (3/15)

Altars:
Ashenzari
Zin


Innate Abilities, Weirdness & Mutations

You are something dangerously unstable.
You glow with magical radiation, making you easy to see and hit.
Foes you strike become dangerously contaminated with magical radiation.
Your maximum health is decreased, since you lack skill for your form.
You are incapable of wielding weapons or throwing items.
You cannot wear most types of armour.
You are amphibious.
You can wear up to eight rings at the same time.
Your skin changes colour to match your surroundings (Stealth+).
Your rubbery body absorbs attacks. (AC +1, EV +1)
((You are camouflaged when in or above water. (Stealth+)))
You have tentacles for arms and can constrict up to eight enemies at once.


Message History

No target in view!
No target in view!
A rat comes into view.
A rat is nearby!
The rat closely misses you.
You tentacle-slap the rat but do no damage.
The rat begins to glow.
You grab the rat.
You constrict the rat, but do no damage.
The rat closely misses you.
You tentacle-slap the rat.
You kill the rat!
No target in view!
A kobold comes into view. It is wielding a +0 dagger.
The kobold shouts!
The kobold throws a stone.
The stone barely misses you.
Things that are here:
2 stones; a rat corpse A kobold is nearby!
You barely miss the kobold. You grab the kobold. You constrict the kobold.
The kobold hits you with a +0 dagger.
You tentacle-slap the kobold.
You kill the kobold!
No target in view!
s - 2 puce potions An orc comes into view.
It is wielding a +0 hand axe.
The orc shouts!
You hear a shout!
An orc wizard comes into view. It is wielding a +0 dagger.
An orc comes into view.
It is wielding a +1 flail of holy wrath.
You hear a shout!
Unknown command.
The orc shouts!
The orc wizard points at you and mumbles some strange words.
The puff of flame hits you!
Ouch! That really hurt!
* * * LOW HITPOINT WARNING * * *
An orc comes into view. It is wielding a +0 club.
The orc wizard gestures at you while chanting.
The magic dart hits you!
Ouch! That really hurt!
You die...

#.### #.# ....## #.# ##
###..# #.# #.. # #..# #.#
#.# ♣♣♣♣.#####.####.### o
≈≈..♣.............. ..o
..≈.♣######.###.##.#..o.
≈.≈.♣ #.###.##......
.≈≈.♣ #...#.B...o...
.≈≈.♣ ###.#.#####.#.
.≈≈.♣ #.#.......# ≈.≈.♣
#(....##### ..≈.♣
####.....#######
≈≈..♣#####........#.....#
♣♣♣♣........#.....#.....#
...........#.)..........#
..........#.#.#####.....#


You could see an orc wizard and 3 orcs.

Vanquished Creatures
  An adder (D:2)
  A dart slug (D:3)
  An orc (D:3)
  3 bats (D:1)
  2 endoplasms
  A giant cockroach (D:1)
  A goblin (D:1)
  4 hobgoblins
  4 jackals (D:1)
  2 quokkas (D:2)
  2 ball pythons (D:1)
  2 frilled lizards
  6 kobolds
  8 rats
38 creatures vanquished.

Notes
Turn   | Place    | Note
-------+----------+-------------------------------------------
     0 | D:1      | mopl the Octopode Shapeshifter began the quest for the Orb.
     0 | D:1      | Reached XP level 1. HP: 13/13 MP: 1/1
    81 | D:1      | Reached XP level 2. HP: 11/18 MP: 2/2
   374 | D:1      | Found a faded altar of an unknown god.
   722 | D:1      | Reached XP level 3. HP: 16/23 MP: 3/3
  1794 | D:3      | Found a glowing silver altar of Zin.
  1846 | D:3      | Found a broken altar of Ashenzari.
  2062 | D:3      | Killed from afar by an orc wizard

Illustrated notes

Levels and vault maps discovered:
D:1:      lightli_iron_boxes, layout_basic,
          hellmonk_ecumenical_altar_pennies_from_heaven, minmay_misc_feat_doors
D:2:      layout_basic
D:3:      layout_loops_cross, lemuel_round_altar, mainiacjoe_overflow_paths

Action                     || total
---------------------------++-------
  Melee: Unarmed           ||    80
         Constrict         ||    24
         Tentacles         ||    18
    Use: Scroll            ||     2
   Stab: Sleeping          ||     1
 Armour: Skin              ||     9
  Dodge: Dodged            ||    52
   Form: Flux              ||     1

Table legend: (Time is in decaauts)
 A = Elapsed time spent in this place.
 B = Non-inter-level travel time spent in this place.
 C = Inter-level travel time spent in this place.
 D = Time resting spent in this place.
 E = Time spent auto-exploring this place.
 F = Levels seen in this place.
 G = Mean time per level.
                   A        B        C        D        E       F      G
               +--------+--------+--------+--------+--------+-----+--------+
         Total |   2056 |   1968 |     88 |    179 |   1535 |   3 |  685.3 |
       Dungeon |   2056 |   1968 |     88 |    179 |   1535 |   3 |  685.3 |
               +--------+--------+--------+--------+--------+-----+--------+

Top non-repeatable levels by time:
     D:1: 861 daAuts
     D:2: 813 daAuts
     D:3: 380 daAuts
